 Dungeon Crawl Stone Soup version 0.22.0-5-gf09313c8f9 (webtiles) character file.

171 Peloso the Shield-Bearer (level 5, -9/47 HPs)
             Began as a Minotaur Fighter on Aug 14, 2018.
             Killed by divine providence
             ... invoked by an orc priest
              (16 damage)
             ... on level 3 of the Dungeon.
             The game lasted 00:05:21 (2362 turns).

Peloso the Shield-Bearer (Minotaur Fighter)         Turns: 2362, Time: 00:05:21

Health: -9/47      AC: 10    Str: 20    XL:     5   Next: 26%
Magic:  4/4        EV:  5    Int:  5    God:
Gold:   163        SH: 10    Dex: 11    Spells: 4/4 levels left

rFire    . . .     SeeInvis .   a - +0 long sword
rCold    . . .     Gourm    .   c - +0 shield
rNeg     . . .     Faith    .   b - +0 chain mail
rPois    .         Spirit   .   (helmet restricted)
rElec    .         Reflect  .   (no cloak)
rCorr    .         Harm     .   h - +0 pair of gloves (curse)
MR       .....                  (no boots)
Stlth    ..........             (no amulet)
HPRegen  0.15/turn              (no ring)
MPRegen  0.09/turn              (no ring)

@: no status effects
A: retaliatory headbutt, horns 2
a: no special abilities


You were on level 3 of the Dungeon.
You were not hungry.

You visited 1 branch of the dungeon, and saw 3 of its levels.
You also visited: Sewer.

You collected 163 gold pieces.

Inventory:

Hand Weapons
 a - a +0 long sword (weapon)
Armour
 b - a +0 chain mail (worn)
 c - a +0 shield (worn)
 h - a cursed +0 pair of gloves (worn)
Scrolls
 g - 4 scrolls of magic mapping
 i - 2 scrolls of teleportation {unknown}
 k - a scroll of enchant weapon {unknown}
 n - 2 scrolls of fear {unknown}
Potions
 d - 2 potions of might
 e - a potion of berserk rage {unknown}
 j - a potion of flight {unknown}
 l - a potion of mutation {unknown}
 m - 3 potions of haste {unknown}
 o - 3 potions of curing {unknown}
 p - a potion of magic {unknown}
 r - a potion of heal wounds {unknown}
Comestibles
 f - 5 rations


   Skills:
 + Level 4.5 Fighting
 + Level 3.9 Long Blades
 + Level 4.4 Armour
 + Level 0.5 Dodging
 + Level 5.1 Shields


You had 4 spell levels left.
You didn't know any spells.
Your spell library was empty.

Dungeon Overview and Level Annotations

Branches:
Dungeon (3/15)

Altars:
Fedhas


Innate Abilities, Weirdness & Mutations

You reflexively headbutt those who attack you in melee.
You have a pair of horns on your head.


Message History

You hit the orc.
You kill the orc!
Your shield and chain mail prevent you from hitting the orc priest.
The orc priest invokes the aid of Beogh against you.
Beogh smites you! You block the orc priest's attack.
You hit the orc priest.
The orc priest is moderately wounded.
The orc priest hits you but does no damage.
Your shield and chain mail prevent you from hitting the orc priest.
Your headbutt misses the orc priest.
The orc priest is moderately wounded.
The orc priest mumbles some strange prayers to Beogh against you.
Beogh smites you!
* * * LOW HITPOINT WARNING * * *
You completely miss the orc priest. You headbutt the orc priest.
The orc priest is heavily wounded.
The orc priest completely misses you.
The orc priest calls down the wrath of Beogh upon you.
Beogh smites you!
You die...

########### *#.....o@..#
########
**.....####.#######.[.....
*,...,,,* #.........######
*,.,<,,,**###########
*,*,,,*,,,,,,,..#
*,**,*********#.# *,**,***
#.# *,**,,,* ###.#
****,***#,* #...#


You could see an orc priest.

Vanquished Creatures
  10 adders
  2 oozes
  2 worms
  A dart slug (D:3)
  2 leopard geckos
  2 orcs (D:3)
  3 bats
  4 giant cockroaches
  7 goblins
  11 jackals (Sewer)
  A quokka (D:3)
  4 ball pythons
  5 frilled lizards
  5 kobolds
  4 rats
  6 plants (Sewer)
69 creatures vanquished.

Notes
Turn   | Place    | Note
-------+----------+-------------------------------------------
     0 | D:1      | Peloso the Minotaur Fighter began the quest for the Orb.
     0 | D:1      | Reached XP level 1. HP: 19/19 MP: 0/0
   214 | D:1      | Reached XP level 2. HP: 27/27 MP: 1/1
   287 | D:1      | Reached skill level 4 in Shields
   830 | D:2      | Reached XP level 3. HP: 34/34 MP: 2/2
   962 | D:2      | You fall through a shaft!
   962 | D:3      | Found a blossoming altar of Fedhas.
  1145 | D:3      | Found a glowing drain.
  1183 | D:3      | Reached XP level 4. HP: 37/41 MP: 3/3
  1197 | Sewer    | Entered a sewer
  1758 | Sewer    | Reached XP level 5. HP: 47/47 MP: 4/4
  2305 | D:3      | Reached skill level 5 in Shields
  2362 | D:3      | Killed from afar by an orc priest

Skill      XL: |  1  2  3  4  5 |
---------------+----------------+-----
Fighting       | 4 |  4.5
Shields        | 4 5 |  5.1
Armour         | 4 |  4.4
Long Blades    | 3 |  3.9
Dodging        | |  0.5

Action                   |  1- 3 |  4- 6 || total
-------------------------+-------+-------++-------
Melee: Long sword        |   105 |   208 ||   313
       Headbutt          |    11 |    54 ||    65
  Use: Scroll            |     1 |       ||     1
  Eat: Chunk             |       |     6 ||     6
Armor: Scale mail        |    34 |       ||    34
       Chain mail        |    21 |    73 ||    94
Dodge: Dodged            |    23 |    25 ||    48
Block: Shield            |    56 |    68 ||   124
       Rpst.: Long sword |     4 |     7 ||    11
